AoeStats
← Hebly

Arabia

506001893Analyzed
1v1 RM · 21d ago on Sep 12, 2026· 20m 41s· 2 players
Game mode
Random Map
Map size
Tiny (2 player)
Population
200
Speed
Normal
Resources
Standard
Victory
Conquest
Starting age
Dark Age
Ending age
Imperial Age
RankedLock teamsTeams togetherTeam positionsShared explorationLock speedFull tech treeHidden civsTurbo modeCheats
Victory
Defeat
🇨🇱 Franks · Chile
887
+14
🇨🇿 Maya · Czechia
848
-35
Hebly
0:37 Loom
10:39 Feudal Age
12:44 Double-Bit Axe
13:53 Town Watch
14:44 Wheelbarrow
15:27 Horse Collar
LA PRESION II
0:37 Loom
10:21 Feudal Age
11:13 Man-at-Arms
13:04 Double-Bit Axe
14:38 Padded Archer Armor
15:42 Fletching
19:24 Wheelbarrow
Connection lost

Rejoining the realm…

Still unreachable

The connection could not be restored.

Session expired

The server has moved on; the page needs a fresh start.